Mecha, neutral female human Tourist --- --.-- ---...-- |.....)---- |.......<.------ -...............- .................. ....G%)%.......^. .--@G.G......... ---......--.. ----.^-- - |..| Mecha the Sightseer Experience level: 4 Strength: 8 Dexterity: 13 Constitution: 12 Intelligence: 13 Wisdom: 12 Charisma: 16 Health: 0(36) Energy: 16(16) Def: 0 Gold: 1157 Moves: 1677 Dungeon seed: 0VPaHk-r4DxI6jWn Game ID: Mecha_1478207423 Your Inventory: Coins $ - 1157 gold pieces Weapons a - 4 +2 darts (in quiver) n - 7 +0 shuriken Armor e - an uncursed +0 Hawaiian shirt (being worn) Comestibles b - 5 uncursed food rations c - 2 uncursed tripe rations d - 2 uncursed slime molds f - an uncursed apple h - an uncursed pancake i - an uncursed tin of fox meat t - an uncursed partly eaten food ration x - an uncursed clove of garlic Scrolls k - 4 uncursed scrolls of magic mapping w - an uncursed scroll of enchant weapon Rings q - an uncursed ring of protection from shape changers Tools l - an expensive camera (0:51) m - an uncursed credit card s - an uncursed oil lamp (lit) (0:1209) u - an uncursed skeleton key B - an uncursed sack Gems r - an uncursed garnet stone y - 2 uncursed worthless pieces of green glass Spells and supernatural/magical abilities: Name Level Category Fail Memory W - pray for help -- divine ? -- Your skills at the end: Fighting Skills Weapon Skills dart [Basic] Spellcasting Skills Final Attributes: You were piously aligned. You are dead. Vanquished creatures: a small mimic a bugbear a shrieker a gnomish wizard a kitten a dwarf 4 coyotes 2 red molds 5 gnomes a gnome zombie a jackal a fox a kobold 3 grid bugs a bat 3 lichens a kobold zombie 5 newts 34 creatures vanquished. Voluntary challenges: You were an atheist. You never hit with a wielded weapon. You were illiterate. You never genocided any monsters. You never polymorphed an object. You never changed form. You used no wishes. You never split a pudding. You never wrote Elbereth's name. You never violated your personal moral code. Dungeon overview: The Dungeons of Doom: levels 1 to 4 Level 1 a long staircase Level 2 a hardware shop, a fountain Level 3 a general store Level 4 stairs to The Gnomish Mines The Gnomish Mines: Level 5 <- You were here stairs to The Dungeons of Doom History has recorded: On T:1 you entered the Dungeons of Doom to retrieve the Amulet of Yendor! On T:353 you reached level 2 of The Dungeons of Doom. On T:835 you advanced to experience level 2. On T:963 you reached level 3 of The Dungeons of Doom. On T:1026 you advanced to experience level 3. On T:1393 you reached level 4 of The Dungeons of Doom. On T:1602 you reached level 1 of The Gnomish Mines. On T:1661 you advanced to experience level 4. Score breakdown: Gold: 386 ( 8802 points) Experience: 4 levels ( 9649 points) Exploration: 5 levels ( 10.42%) ( 8751 points) Discoveries: 7 items ( 2.35%) ( 4597 points) Valuables value: (no points given unless you survive) Artifact value: 0 ( 0 points) Variety of kills: 18 monsters ( 4.72%) ( 6520 points) Turncount: 1677 turns ( 0 points) Survival: died (score multiplied by 80%) Total score: 30655 Latest messages: The gnomish wizard points at you, then curses. The dart hits the gnomish wizard. The air crackles around the gnomish wizard. The gnome picks up 7 darts. The dart misses the gnomish wizard. The gnomish wizard points at you, then curses. The dart misses the gnomish wizard. The gnomish wizard points all around, then curses. The gnome wields a thonged club! The dart hits the gnomish wizard. The dart hits the gnomish wizard. The gnomish wizard points at you, then curses. The gnome swings his thonged club. The gnome hits! You kill the gnomish wizard! The dart misses the gnomish wizard. The gnomish wizard casts a spell at you! Your brain is on fire! You die... Final status: Aloha Mecha the Tourist, killed by a gnomish wizard... You died in The Gnomish Mines on dungeon level 5 with 30655 points, and 1157 pieces of gold, after 1677 moves. You were level 4 with a maximum of 36 hit points when you died.